 Dungeon Crawl Stone Soup version 0.17-a0-1311-gbcbd859 (webtiles) character file.

3488 emikaela the Destroyer (level 9, -20/64 HPs)
             Began as a Mummy Conjurer on June 7, 2015.
             Was a Priest of Kikubaaqudgha.
             Killed from afar by a deep elf mage (48 damage)
             ... with a fireball
             ... on level 9 of the Dungeon on June 8, 2015.
             The game lasted 01:07:28 (11408 turns).

emikaela the Destroyer (Mummy Conjurer)            Turns: 11408, Time: 01:07:30

Health: -20/64     AC:  5    Str: 11    XL:     9   Next: 80%
Magic:  9/19       EV: 12    Int: 18    God:    Kikubaaqudgha [***...]
Gold:   601        SH:  0    Dex: 12    Spells: 8 memorised, 2 levels left

rFire  x . .     SeeInvis .     a - +3 battleaxe
rCold  + + +     Clarity  .     z - +2 robe {rC+}
rNeg   + + +     SustAt   +     (no shield)
rPois  ∞         Gourm    .     k - +0 helmet
rElec  .         Spirit   .     (no cloak)
rCorr  .         Warding  .     (no gloves)
rMut   .         Stasis   .     (no boots)
MR     +....                    (no amulet)
Stlth  +.........               B - ring of protection from cold
                                l - ring of sustain attributes

@: liquid flames, glowing, somewhat resistant to hostile enchantments, very
unstealthy
A: no food or potions, fire vulnerability, cold resistance 1, negative energy
resistance 3, torment resistance, unbreathing
a: Receive Corpses, Renounce Religion


You were on level 9 of the Dungeon.
You worshipped Kikubaaqudgha.
Kikubaaqudgha was most pleased with you.
You were not hungry.

You visited 1 branch of the dungeon, and saw 9 of its levels.

You collected 601 gold pieces.

Inventory:

Hand weapons
 a - a +3 battleaxe (weapon)
 b - a +0 hunting sling of flaming
 K - a +2 dagger of venom
Missiles
 c - 181 stones
 d - 37 bolts
 f - 18 javelins (quivered)
 h - 62 sling bullets
 i - 2 throwing nets
 s - 8 tomahawks
 t - 22 bolts of frost
 y - 14 poisoned arrows
 A - 11 poisoned needles
 C - 16 arrows
 G - 18 arrows of frost
Armour
 k - a +0 helmet (worn)
 z - a +2 robe of cold resistance (worn)
Magical staves
 e - an uncursed staff of air
Jewellery
 l - a ring of sustain attributes (left hand)
 x - an uncursed ring of flight
 B - a ring of protection from cold (right hand)
Magical devices
 E - a wand of frost (27)
 F - a wand of random effects (16)
Scrolls
 g - 2 scrolls of blinking
 j - 6 scrolls of remove curse
 m - a scroll of fear
 q - 3 scrolls of teleportation
 r - 2 scrolls of magic mapping
 u - 2 scrolls of immolation
 v - 2 scrolls of recharging
 w - 3 scrolls of enchant armour
 D - a scroll of brand weapon {unknown}
 I - a scroll of identify
Books
 n - a book of the Warp

   Spells                             Type                      Level
   a - Recall                         Summoning/Translocation      3
   b - Gell's Gravitas                Hexes/Translocation          3
   c - Control Teleport               Charms/Translocation         4
   d - Force Lance                    Conjuration/Translocation    4
   e - Phase Shift                    Translocation                5
   f - Warp Weapon                    Charms/Translocation         5
   g - Summon Forest                  Summoning/Translocation      5
 o - a book of Conjurations

   Spells                             Type                      Level
   a - Magic Dart                     Conjuration                  1
   b - Searing Ray                    Conjuration                  2
   c - Dazzling Spray                 Conjuration/Hexes            3
   d - Fulminant Prism                Conjuration/Hexes            4
   e - Iskenderun's Mystic Blast      Conjuration                  4
   f - Iskenderun's Battlesphere      Conjuration/Charms           5
 p - Kikubaaqudgha's Catalogue of Necromancy
   (Kikubaaqudgha gifted it to you on level 3 of the Dungeon)

   Spells                             Type                      Level
   a - Animate Skeleton               Necromancy                   1
   b - Pain                           Necromancy                   1
   c - Corpse Rot                     Necromancy                   2
   d - Vampiric Draining              Necromancy                   3
   e - Control Undead                 Necromancy                   4
 H - Kikubaaqudgha's Almanac of Dark Secrets
   (Kikubaaqudgha gifted it to you on level 9 of the Dungeon)

   Spells                             Type                      Level
   a - Animate Dead                   Necromancy                   4
   b - Excruciating Wounds            Charms/Necromancy            5
   c - Bolt of Draining               Conjuration/Necromancy       5
   d - Cigotuvi's Embrace             Necromancy                   5
   e - Dispel Undead                  Necromancy                   5


   Skills:
 + Level 3.6 Fighting
 - Level 1.5 Dodging
 - Level 1.5 Stealth
 * Level 7.2 Spellcasting
 - Level 8.0 Conjurations
 - Level 2.1 Hexes
 + Level 6.4 Necromancy


You had 2 spell levels left.
You knew the following spells:

 Your Spells              Type           Power        Failure   Level  Hunger
a - Magic Dart            Conj           ####         1%          1    N/A
b - Searing Ray           Conj           #####.       1%          2    N/A
c - Animate Skeleton      Necr           N/A          1%          1    N/A
d - Dazzling Spray        Conj/Hex       ###.....     4%          3    N/A
e - Corpse Rot            Necr           N/A          1%          2    N/A
f - Iskenderun's Mystic   Conj           #####...     4%          4    N/A
g - Vampiric Draining     Necr           ####......   2%          3    N/A
h - Control Undead        Necr           ####......   10%         4    N/A

Dungeon Overview and Level Annotations

Branches:
Dungeon (9/15)             Temple (0/1) D:5
   Lair: D:8-11         Orc: D:9-12

Altars:
Cheibriados
Dithmenos
Kikubaaqudgha
Makhleb
Nemelex Xobeh
Ru
Trog
Zin

Shops:
D:4 *

Annotations:
D:5 HEYYEYAAE's ghost, average HuAE; Prince Ribbit


Innate Abilities, Weirdness & Mutations

You do not eat or drink.
Your flesh is vulnerable to fire.
You are immune to poison.
Your flesh is cold resistant.
You are immune to negative energy.
You are immune to unholy pain and torment.
You can survive without breathing.


Message History

The sticky flame hits you! The fire burns you terribly!
You are covered in liquid flames!
The deep elf mage blocks the searing ray.
You are covered in liquid flames!
The deep elf mage points at you and mumbles some strange words.
The sticky flame hits you! The fire burns you terribly!
You are covered in liquid flames!
The searing ray hits the deep elf mage.
The deep elf mage is moderately wounded.
You are covered in liquid flames!
The deep elf mage casts a spell at you. The puff of flame misses you.
The searing ray hits the deep elf mage.
The deep elf mage is heavily wounded.
You are covered in liquid flames!
The deep elf mage gestures at you while chanting.
The fireball explodes!
The fireball engulfs you! The fire burns you terribly!
Ouch! That really hurt!
You die...
Kikubaaqudgha rasps: "You have failed me!
Welcome... oblivion!"

♣≈≈≈♣♣♣♣♣ e≈h≈P≈≈#
....... .....
...####
#########......
#...@.e...#######
.'.'.........'.>...#
.###.........#####.#
#...≈.....###
#...........#
#....≈......#####
#...........PPP≈≈
#...........PP≈P≈
###
###........=...≈≈≈P


You could see a deep elf mage.

Vanquished Creatures
  Grinder (D:5)
  A hungry ghost (D:9)
  A yak (D:8)
  A human (D:8)
  A water moccasin (D:8)
  An orc warrior (D:9)
  2 ice beasts
  A crocodile (D:7)
  4 ogres
  Blork the orc (D:6)
  4 giant frogs
  3 killer bees (D:7)
  2 scorpions (D:5)
  4 wights (D:9)
  An electric eel (D:9)
  2 crimson imps
  2 hounds
  3 jellies
  2 orc priests (D:9)
  A centaur zombie (D:5)
  3 centaur skeletons
  An orc wizard (D:6)
  A giant frog skeleton (D:5)
  3 quasits
  7 worker ants
  3 sheep (D:8)
  A worker ant zombie (D:5)
  4 gnolls (D:2)
  10 adders
  2 oozes
  3 worms
  5 giant geckos
  18 orcs
  5 giant cockroaches
  15 hobgoblins
  3 jackals (D:2)
  12 kobolds
  3 quokkas
  15 bats
  4 giant newts
  14 goblins
  A jackal skeleton (D:5)
  15 rats
  A fungus (D:5)
187 creatures vanquished.

Vanquished Creatures (collateral kills)
  A water moccasin (D:8)
  An ice beast (D:6)
  3 wights (D:8)
  An adder (D:4)
  A goblin (D:6)
  A hobgoblin (D:3)
  A giant gecko skeleton (D:8)
9 creatures vanquished.

Vanquished Creatures (others)
  A quokka (D:9)
  A bat (D:9)
2 creatures vanquished.

Grand Total: 198 creatures vanquished

Notes
Turn   | Place    | Note
--------------------------------------------------------------
     0 | D:1      | emikaela the Mummy Conjurer began the quest for the Orb.
     0 | D:1      | Reached XP level 1. HP: 13/13 MP: 3/3
   345 | D:1      | Found a sparkling altar of Nemelex Xobeh.
   368 | D:1      | Reached XP level 2. HP: 19/19 MP: 1/5
   372 | D:1      | Learned a level 2 spell: Searing Ray
   707 | D:1      | Reached skill level 4 in Conjurations
  1104 | D:1      | Reached XP level 3. HP: 24/24 MP: 0/6
  1109 | D:1      | Learned a level 3 spell: Dazzling Spray
  1626 | D:2      | Reached XP level 4. HP: 21/30 MP: 0/7
  1883 | D:2      | Found an ancient bone altar of Kikubaaqudgha.
  1895 | D:2      | Became a worshipper of Kikubaaqudgha
  2511 | D:2      | Reached skill level 5 in Conjurations
  2536 | D:2      | Noticed an ice beast
  2653 | D:2      | Killed an ice beast
  2653 | D:2      | Reached skill level 1 in Hexes
  2653 | D:2      | Reached XP level 5. HP: 14/35 MP: 0/9
  3363 | D:3      | Acquired Kikubaaqudgha's first power
  3363 | D:3      | Received a gift from Kikubaaqudgha
  3366 | D:3      | Identified Kikubaaqudgha's Catalogue of Necromancy (Kikubaaqudgha gifted it to you on level 3 of the Dungeon)
  3369 | D:3      | Learned a level 1 spell: Animate Skeleton
  3372 | D:3      | Learned a level 2 spell: Corpse Rot
  3732 | D:4      | Noticed an ogre
  3739 | D:4      | Killed an ogre
  3739 | D:4      | Reached skill level 1 in Necromancy
  3739 | D:4      | Reached XP level 6. HP: 41/41 MP: 2/10
  3745 | D:4      | Found a bloodstained altar of Trog.
  3873 | D:4      | Found a burning altar of Makhleb.
  3971 | D:4      | Found Zin's Purification Station.
  3974 | D:4      | Found a glowing silver altar of Zin.
  4389 | D:5      | Entered Level 5 of the Dungeon
  4506 | D:5      | Noticed HEYYEYAAE's ghost (average HuAE)
  5171 | D:5      | Reached skill level 6 in Conjurations
  5171 | D:5      | Reached XP level 7. HP: 38/46 MP: 2/11
  5731 | D:5      | Noticed Prince Ribbit
  5757 | D:5      | Noticed Grinder
  5764 | D:5      | Paralysed by Grinder for 5 turns
  5782 | D:5      | Killed Grinder
  5788 | D:5      | Learned a level 4 spell: Iskenderun's Mystic Blast
  5970 | D:5      | Found a staircase to the Ecumenical Temple.
  6200 | D:5      | Upgraded the game from 0.17-a0-1301-ga863c44 to 0.17-a0-1311-gbcbd859
  6603 | D:6      | Acquired Kikubaaqudgha's second power
  6685 | D:6      | Reached XP level 8. HP: 52/52 MP: 5/15
  6784 | D:6      | Reached skill level 7 in Conjurations
  7008 | D:6      | Reached skill level 5 in Spellcasting
  7192 | D:6      | Found a sacrificial altar of Ru.
  7192 | D:6      | Found a snail-covered altar of Cheibriados.
  7424 | D:6      | Noticed Blork the orc
  7433 | D:6      | Killed Blork the orc
  7984 | D:7      | Learned a level 3 spell: Vampiric Draining
  8356 | D:7      | Reached skill level 8 in Conjurations
  8514 | D:7      | Reached XP level 9. HP: 25/57 MP: 0/18
  9373 | D:8      | Found a shadowy altar of Dithmenos.
  9658 | D:8      | Learned a level 4 spell: Control Undead
  9787 | D:8      | Reached skill level 1 in Fighting
  9886 | D:8      | Reached skill level 5 in Necromancy
 10762 | D:9      | Received a gift from Kikubaaqudgha
 10763 | D:9      | Identified Kikubaaqudgha's Almanac of Dark Secrets (Kikubaaqudgha gifted it to you on level 9 of the Dungeon)
 11408 | D:9      | Killed from afar by a deep elf mage

Vault maps used:
D:1:      tarquinn_simple_flora_water_c, nemelex_xobeh_ov_fountains_minmay
D:2:      kiku_gazebo_pond_becter, first_bread
D:3:      minmay_box_of_dots
D:4:      zin_purify, kennysheep_mini_moat, st_stairs_13,
          trog_three_pillars_becter
D:5:      lemuel_temple_firewalk_marked, minmay_gold_behind_fungi,
          uniq_prince_ribbit1, uniq_grinder
D:6:      gammafunk_temple_overflow_pools, uniq_blork_the_orc
D:7:      grunt_decor_mini_mirrors
D:8:      nicolae_dithmenos_shadow_blocks, grunt_livestock
D:9:      nicolae_qazlal_general_emergency, serial_bayou, serial_bayou_shore_a,
          serial_bayou_shore_b, serial_bayou_lake_a, serial_bayou_pond_b,
          serial_bayou_lagoon_a

Action                   |  1- 3 |  4- 6 |  7- 9 || total
-------------------------+-------+-------+-------++-------
Melee: Unarmed           |     9 |       |       ||     9
       Dagger            |    22 |    72 |    64 ||   158
       Battleaxe         |       |       |     5 ||     5
 Cast: Magic Dart        |    79 |    87 |   119 ||   285
       Searing Ray       |     2 |    18 |    60 ||    80
       Dazzling Spray    |     1 |     1 |     8 ||    10
       Animate Skeleton  |       |     6 |    17 ||    23
       Vampiric Draining |       |       |     5 ||     5
  Use: Scroll            |     5 |     4 |     1 ||    10
 Stab: Sleeping          |     1 |     1 |       ||     2
       Invisible         |       |       |     1 ||     1
